 Dungeon Crawl Stone Soup version 0.29.1-15-g9cfb28693d (webtiles) character file.

Game seed: 14632380109997793323

330 wingedge the Magician (level 7, -2/57 HPs)
             Began as a Meteoran Earth Elementalist on Apr 7, 2023.
             Slain by an orc warrior
             ... wielding a +0 war axe
              (14 damage)
             ... on level 5 of the Dungeon.
             The game lasted 00:17:06 (2238 turns).

wingedge the Magician (Meteoran Earth Elementalist) Turns: 2238, Time: 00:17:07

Health: -2/57      AC:  3    Str:  9    XL:     7   Next: 8%
Magic:  2/15       EV: 17    Int: 20    God:
Gold:   156        SH:  0    Dex: 14    Spells: 12/16 levels left

rFire   . . .      SeeInvis .   a - +0 scimitar
rCold   . . .      Faith    .   (no shield)
rNeg    . . .      Spirit   .   r - +0 robe
rPois   .          Reflect  .   (no helmet)
rElec   .          Harm     .   n - +0 cloak
rCorr   .          Rampage  .   (no gloves)
Will    .....                   (no boots)
Stlth   +.........              (no amulet)
HPRegen 0.19/turn               j - +4 ring of evasion
MPRegen 0.14/turn               (no ring)

@: glowing
A: sense surroundings 1, otherworldly, glowing, explore regen
a: no special abilities


You were on level 5 of the Dungeon.
You visited 1 branch of the dungeon, and saw 5 of its levels.

You collected 156 gold pieces.

Inventory:

Hand Weapons
 a - a +0 scimitar (weapon)
 d - a +0 whip
 p - a +0 war axe
Missiles
 m - 5 silver javelins (quivered)
Armour
 n - a +0 cloak (worn)
 r - a +0 robe (worn)
Jewellery
 j - a +4 ring of evasion (left hand)
Scrolls
 e - 2 scrolls of identify {unknown}
 f - a scroll of summoning {unknown}
 g - 2 scrolls of magic mapping
 l - a scroll of teleportation {unknown}
Potions
 b - a potion of magic
 c - 2 potions of heal wounds {unknown}
 h - 3 potions of haste
 i - a potion of brilliance {unknown}
 k - a potion of mutation {unknown}
 o - 2 potions of attraction {unknown}
 q - a potion of curing {unknown}
 s - a potion of might


   Skills:
 - Level 3.0 Fighting
 + Level 3.6 Dodging
 - Level 1.4 Stealth
 - Level 5.0 Spellcasting
 - Level 4.0 Conjurations
 - Level 1.2 Transmutations
 - Level 4.0 Earth Magic


You had 12 spell levels left.
You knew the following spells:

 Your Spells              Type           Power      Damage    Failure   Level
a - Sandblast             Erth           42%        2d11      2%          1
b - Stone Arrow           Conj/Erth      42%        3d9       7%          3

Your spell library contained the following spells:

 Spells                   Type           Power      Damage    Failure   Level
 Passwall                 Tmut/Erth      12%        N/A       6%          2
 Petrify                  Tmut/Erth      15%        N/A       36%         4


Dungeon Overview and Level Annotations

Branches:
Dungeon (5/15) Zot: 720
 Temple: D:4-7

Altars:
Sif Muna

Shops:
D:3 (


Innate Abilities, Weirdness & Mutations

You passively map a small area around you.
You are easily found by Zot.
You glow in the dark.
You regain HP and MP as you explore.


Message History

Okay, then.
Casting: Stone Arrow (dangerous; 7% risk of failure)
Confirm with . or Enter, or press ? or * to list all spells.
Aiming: Stone Arrow (dangerous; 7% risk of failure)
Press: ? - help, Shift-Dir - straight line, f - orc, p - orc warrior
Aim: an orc, wielding a +0 dagger (71% to hit)
The stone arrow hits the orc warrior!
The orc warrior is severely wounded.
Casting: Stone Arrow (dangerous; 7% risk of failure)
Confirm with . or Enter, or press ? or * to list all spells.
Aiming: Stone Arrow (dangerous; 7% risk of failure)
Press: ? - help, Shift-Dir - straight line, f/p - orc
Aim: an orc, wielding a +0 dagger (71% to hit)
The stone arrow hits the orc warrior.
The orc warrior is severely wounded.
The orc hits you with a +0 dagger.
The orc warrior hits you with a +0 war axe!
Casting: Stone Arrow (dangerous; 7% risk of failure)
Confirm with . or Enter, or press ? or * to list all spells.
Aiming: Stone Arrow (dangerous; 7% risk of failure)
Press: ? - help, Shift-Dir - straight line, f/p - orc
Aim: an orc, wielding a +0 dagger (71% to hit)
The stone arrow hits the orc warrior.
The orc warrior is almost dead.
The orc barely misses you.
The orc warrior hits you with a +0 war axe!
You hit the orc.
The orc is almost dead.
The orc hits you but does no damage.
You slash the orc!
You kill the orc!
You closely miss the orc warrior.
The orc warrior is almost dead.
The orc warrior completely misses you.
You barely miss the orc warrior.
The orc warrior is almost dead.
The orc warrior hits you with a +0 war axe!!
* * * LOW HITPOINT WARNING * * *
The orc warrior hits you with a +0 war axe!
You die...

...# ,,?..# * * ##.. ,
* ., , ... ...####.# #
* , ...))...## . , , ,
#..$.o#.# ## ,, *
#.###o#.# .. #.
,#.###@#.#.#, * .#
,#.#.......#.#* *
,..,#.#.#........ ,
*,#.,#.#<......##. ,,
#..#....#)...#
***####..#....#..#....
, .....(.....########
############..#......
, * ,
#...........[........
,


You could see an orc warrior and an orc.

Vanquished Creatures
  A centaur (D:4)
  4 orc wizards
  6 adders
  A worm (D:2)
  A dart slug (D:4)
  12 orcs
  4 bats
  7 endoplasms
  7 giant cockroaches
  6 goblins
  4 hobgoblins
  3 jackals (D:1)
  4 kobolds (D:2)
  3 quokkas
  8 ball pythons
  7 frilled lizards
  6 rats
84 creatures vanquished.

Vanquished Creatures (others)
  19 plants (D:3)
19 creatures vanquished.

Grand Total: 103 creatures vanquished

Notes
Turn   | Place    | Note
-------+----------+-------------------------------------------
     0 | D:1      | wingedge the Meteoran Earth Elementalist began the quest
                  | for the Orb.
     0 | D:1      | Reached XP level 1. HP: 14/14 MP: 5/5
    74 | D:1      | Reached XP level 2. HP: 10/20 MP: 0/6
    85 | D:1      | Reached skill level 3 in Spellcasting
   176 | D:1      | Reached skill level 1 in Fighting
   349 | D:1      | Reached XP level 3. HP: 29/29 MP: 8/8
   357 | D:1      | Learned a level 3 spell: Stone Arrow
   485 | D:1      | Glimpsed the power of Zot.
   575 | D:2      | Found a shimmering blue altar of Sif Muna.
   613 | D:2      | Reached skill level 1 in Conjurations
   818 | D:2      | Reached XP level 4. HP: 36/36 MP: 7/9
   918 | D:2      | Found a faded altar of an unknown god.
  1076 | D:2      | Glimpsed the power of Zot.
  1263 | D:3      | Reached XP level 5. HP: 41/41 MP: 1/10
  1343 | D:3      | Found Eblo's Antique Weapon Shop.
  1621 | D:4      | Noticed a centaur
  1718 | D:4      | Reached XP level 6. HP: 48/48 MP: 8/12
  1972 | D:4      | Reached skill level 4 in Spellcasting
  2038 | D:4      | Killed a centaur
  2039 | D:4      | Reached skill level 5 in Spellcasting
  2045 | D:4      | Reached XP level 7. HP: 47/57 MP: 0/15
  2202 | D:5      | Entered Level 5 of the Dungeon
  2238 | D:5      | Slain by an orc warrior

Illustrated notes

Levels and vault maps discovered:
D:1:      ncdulo_watergridlock, layout_basic, chequers_serial_rivers_large_a
D:2:      layout_loops_corners, basic_altar, hellmonk_ecumenical_altar_blasted,
          minmay_split_cup_small
D:3:      layout_loops_corners, serial_shops, shop, serial_bayou_pond_c
D:4:      layout_cave_pods
D:5:      layout_basic, uniq_eustachio, uniq_crazy_yiuf_cottage, uniq_duvessa

Skill      XL: |  1  2  3  4  5  6 |
---------------+-------------------+-----
Earth Magic    | 4 |  4.0
Spellcasting   | 3 5 |  5.0
Fighting       | 1 2 3 |  3.0
Conjurations   | 1 3 4 |  4.0
Dodging        | 3 |  3.6
Stealth        | |  1.4
Transmutations | |  1.2

Action                   |  1- 3 |  4- 6 |  7- 9 || total
-------------------------+-------+-------+-------++-------
Melee: Unarmed           |     8 |       |       ||     8
       Whip              |       |     4 |     2 ||     6
       Scimitar          |       |       |    11 ||    11
Throw: Javelin           |       |     2 |       ||     2
 Cast: Sandblast         |    40 |    54 |     3 ||    97
       Stone Arrow       |       |    12 |     8 ||    20
  Use: Potion            |       |       |     2 ||     2
       Scroll            |       |       |     1 ||     1
Armor: Robe              |     2 |     4 |    14 ||    20
Dodge: Dodged            |     9 |    24 |    23 ||    56
